[Event "*** SCC Grand Prix: Titled Tuesday Blitz"]
[Site "Chess.com"]
[Date "2020.09.08"]
[Round "5"]
[White "Parhamov"]
[Black "Yashasd1995"]
[Result "1-0"]
[WhiteElo "2993"]
[BlackElo "2674"]
[TimeControl "180+1"]
[EndTime "10:56:13 PDT"]
[Termination "Parhamov won by resignation"]

1. c4 Nf6 2. Nf3 e6 3. g3 d5 4. Bg2 Be7 5. O-O O-O 6. d4 Nbd7 7. Qc2 c6 8. Rd1 b6 9. b3 a5 10. Bb2 Ba6 11. Nbd2 Rc8 12. e4 c5 13. e5 Ne8 14. cxd5 exd5 15. Qf5 Nc7 16. h4 h6 17. Rac1 Ne6 18. dxc5 bxc5 19. Nf1 d4 20. N1h2 Re8 21. Ng4 Bf8 22. h5 Rc7 23. Nd2 Be2 24. Be4 Ng5 25. f4 Nxe4 26. Nxe4 Bxd1 27. Rxd1 Re6 28. Kh2 Qb8 29. Nd2 a4 30. Bc1 axb3 31.
axb3 Qa8 32. Qd3 Qa6 33. Nc4 Nb6 34. f5 Re8 35. e6 Nxc4 36. bxc4 fxe6 37. f6 Rb8 38.
Rf1 Qa2+ 39. Kh3 Qb1 40. Qe2 Re8 41. Bf4 Rf7 42. Rxb1 1-0

[Event "*** SCC Grand Prix: Titled Tuesday Blitz"]
[Site "Chess.com"]
[Date "2020.09.08"]
[Round "5"]
[White "rpragchess"]
[Black "davidkalashian"]
[Result "1-0"]
[WhiteElo "2839"]
[BlackElo "2601"]
[TimeControl "180+1"]
[EndTime "10:56:13 PDT"]
[Termination "rpragchess won on time"]

1. d4 Nf6 2. c4 e6 3. Nf3 b6 4. a3 Ba6 5. Qc2 Bb7 6. Nbd2 c5 7. dxc5 Bxc5 8. b4 Be7 9. Bb2 O-O 10. e4 d6 11. Bd3 Nbd7 12. O-O Qc7 13. Rac1 a6 14.
Qb1 Rac8 15. Rfe1 Rfd8 16. e5 dxe5 17. Nxe5 Nxe5 18. Bxe5 Qc6 19. Nf3 h6 20. Rcd1 Qa4 21.
Qb2 Bxf3 22. gxf3 Qc6 23. Be2 Nh5 24. f4 Nf6 25. Qc3 Ne8 26. Rxd8 Rxd8 27. Bf3 Qa4 28. c5 bxc5 29. bxc5 Qb5 30. c6 Rd3 31. Be2 Rxc3 32. Bxb5 1-0

[Event "*** SCC Grand Prix: Titled Tuesday Blitz"]
[Site "Chess.com"]
[Date "2020.09.08"]
[Round "5"]
[White "XDPS"]
[Black "manitodeplomo"]
[Result "1-0"]
[WhiteElo "2793"]
[BlackElo "2565"]
[TimeControl "180+1"]
[EndTime "10:56:13 PDT"]
[Termination "XDPS won by checkmate"]

1. e4 c5 2. Nf3 e6 3. d4 cxd4 4.
Nxd4 a6 5. Be2 Qc7 6. O-O Nf6 7.
Nc3 Nc6 8. Kh1 b5 9. Nxc6 dxc6 10. e5 Qxe5 11. f4 Qc7 12. f5 Bd6 13. Bg5 Bxh2 14. Bxf6 gxf6 15. Ne4 Be5 16. fxe6 Bxe6 17. Nxf6+ Ke7 18.
Ne4 Rag8 19. Qe1 h5 20. Qh4+ Kf8 21. Rad1 Rh6 22. c4 Rgg6 23. b3 Kg7 24. Nc5 Bg4 25. Qf2 Qe7 26. Bf3 Bxf3 27. Qxf3 Rg3 28. Qe4 Qxc5 29.
Rf5 Re6 30. Rd7 Re3 31. Rfxf7+ Kg8 32. Qh7# 1-0

[Event "*** SCC Grand Prix: Titled Tuesday Blitz"]
[Site "Chess.com"]
[Date "2020.09.08"]
[Round "5"]
[White "Snowflake"]
[Black "fabianvivasz"]
[Result "0-1"]
[WhiteElo "2477"]
[BlackElo "2320"]
[TimeControl "180+1"]
[EndTime "10:56:14 PDT"]
[Termination "fabianvivasz won on time"]

1. d4 Nf6 2. c4 g6 3. Nc3 d5 4.
cxd5 Nxd5 5. e4 Nxc3 6. bxc3 Bg7 7. Bb5+ c6 8. Ba4 O-O 9. Ne2 b5 10. Bb3 c5 11. O-O Bb7 12. f3 Nc6 13. Be3 Qc7 14.
Qc1 Rac8 15. Rd1 Rfd8 16. Qa3 b4 17. cxb4 cxd4 18. Bf4 Qb6 19. Kh1 d3 20. Ng3 Bxa1 21.
Rxa1 Qxb4 22. Qb2 Qd4 23. Qc1 d2 24. Qd1 Nb4 25. Nf1 Nd3 26. Bg3 Qxa1 27. Qxa1 Rc1 0-1

[Event "*** SCC Grand Prix: Titled Tuesday Blitz"]
[Site "Chess.com"]
[Date "2020.09.08"]
[Round "5"]
[White "Legendinunknown"]
[Black "juancruzarias"]
[Result "0-1"]
[WhiteElo "2614"]
[BlackElo "2457"]
[TimeControl "180+1"]
[EndTime "10:56:15 PDT"]
[Termination "juancruzarias won by resignation"]

1. d4 Nf6 2. c4 c5 3. d5 e5 4. Nc3 d6 5. e4 Nbd7 6. Bd3 Be7 7.
Nge2 Nf8 8. O-O Ng6 9. f3 O-O 10. Be3 Nd7 11. Qd2 h6 12. g3 Rb8 13. f4 exf4 14.
gxf4 a6 15. a4 Nf6 16. Ng3 Ng4 17. Kh1 Bf6 18. Rae1 Bd7 19. Bg1 Bd4 20. Bxd4 cxd4 21. Nd1 Bxa4 22. Bc2 Bxc2 23. Qxc2 b5 24. h3 Ne3 25.
Nxe3 dxe3 26. Nf5 bxc4 27. Rxe3 Re8 28. Rf2 Qf6 29. Rg3 Rb3 30. Rfg2 Reb8 31. Rxb3 Rxb3 32. e5 Rxh3+ 33. Kg1 dxe5 34. d6 Rd3 35. Qxc4 Qxf5 36. fxe5 Rd1+ 37. Kh2 Qf4+ 38. Qxf4 Nxf4 39. Rc2 Ne6 40.
Kg3 Rd4 41. Kf3 Kh7 42. Rc8 Kg6 43. Ra8 Kf5 44. Ra7 Kxe5 45. Rxf7 Rf4+ 46. Rxf4 Nxf4 47.
d7 Ne6 48. Kg4 g6 0-1

[Event "*** SCC Grand Prix: Titled Tuesday Blitz"]
[Site "Chess.com"]
[Date "2020.09.08"]
[Round "5"]
[White "PattyCastillo"]
[Black "Pikachess999"]
[Result "0-1"]
[WhiteElo "1913"]
[BlackElo "2380"]
[TimeControl "180+1"]
[EndTime "10:56:15 PDT"]
[Termination "Pikachess999 won by resignation"]

1. d4 Nf6 2. Nf3 d5 3. e3 c5 4. Bd3 Nc6 5. b3 cxd4 6. exd4 Bg4 7. Bb2 e6 8. O-O Bd6 9. Nbd2 Qc7 10. a3 O-O 11.
Qb1 h6 12. c4 Bf4 13. Re1 Rad8 14. h3 Bxf3 15. Nxf3 Na5 16. Qc2 Rc8 17. c5 b6 18. b4 Nc6 19. b5 Ne7 20. c6 Ne8 21. a4 Bd6 22. Ne5 Bxe5 23. dxe5 g6 24. a5 bxa5 25. Qa4 a6 26. Qxa5 axb5 27. Bxb5 Qxa5 28. Rxa5 Nxc6 29. Rc1 Nxa5 30. Rxc8 Ng7 31. Rxf8+ Kxf8 32. Ba3+ Kg8 33. Bd6 Nf5 34. g4 Nxd6 35. exd6 Nb7 36. d7 Kf8 37. Kg2 Ke7 38. Kf3 Nc5 39. Kf4 Nxd7 40. Bxd7 Kxd7 41. Ke5 Ke7 42. f4 f6+ 43. Kd4 Kd6 44. h4 e5+ 45. fxe5+ fxe5+ 46. Ke3 g5 47. hxg5 hxg5 48. Kd3 Kc5 49. Kc3 d4+ 50. Kd3 Kd5 0-1

[Event "*** SCC Grand Prix: Titled Tuesday Blitz"]
[Site "Chess.com"]
[Date "2020.09.08"]
[Round "5"]
[White "albi1999"]
[Black "fireheart92"]
[Result "1-0"]
[WhiteElo "2635"]
[BlackElo "2849"]
[TimeControl "180+1"]
[EndTime "10:56:16 PDT"]
[Termination "albi1999 won on time"]

1. d4 Nf6 2. c4 g6 3. g3 Bg7 4. Bg2 O-O 5. Nc3 d6 6. Nf3 Nbd7 7. O-O e5 8. e4 c6 9. Be3 Ng4 10. Bg5 f6 11. Bd2 a6 12. h3 Nh6 13. Be3 Nf7 14. a4 a5 15. Qc2 f5 16. exf5 gxf5 17.
dxe5 Ndxe5 18. Nxe5 Nxe5 19. b3 f4 20. Bxf4 Rxf4 21.
gxf4 Ng6 22. Ne2 Bxa1 23. Rxa1 Qf6 24. Rd1 Nh4 25. Qc3 Qg6 26. Qg3 Bf5 27. Qxh4 Re8 28.
Ng3 Bc2 29. f5 Qg7 30. Rxd6 Bxb3 31. f6 Qg6 32. Be4 Qf7 33. Qg4+ Kh8 34. Rd7 1-0

[Event "*** SCC Grand Prix: Titled Tuesday Blitz"]
[Site "Chess.com"]
[Date "2020.09.08"]
[Round "5"]
[White "elegant285"]
[Black "Ashedu66"]
[Result "1-0"]
[WhiteElo "2350"]
[BlackElo "2177"]
[TimeControl "180+1"]
[EndTime "10:56:16 PDT"]
[Termination "elegant285 won on time"]

1. d4 d5 2. c4 c6 3. Nf3 Nf6 4. Nc3 e6 5. e3 Nbd7 6. Bd3 Bd6 7. O-O O-O 8. e4 dxc4 9. Bxc4 e5 10. h3 Qe7 11. Re1 Rd8 12. Ng5 Rf8 13. Be3 b5 14.
Bd3 b4 15. Na4 Bb7 16. Rc1 Rad8 17. Qc2 exd4 18. Bxd4 Ne5 19. Bxe5 Qxe5 20. Nf3 Qh5 21. e5 c5 22. exd6 Bxf3 23. gxf3 Nd5 24. Qd2 Rxd6 25. Be4 Qxh3 26. Qg5 Rh6 27. Qg2 Qh5 28. Rxc5 1-0

[Event "*** SCC Grand Prix: Titled Tuesday Blitz"]
[Site "Chess.com"]
[Date "2020.09.08"]
[Round "5"]
[White "zaur-mammadov"]
[Black "Butterfly"]
[Result "0-1"]
[WhiteElo "2638"]
[BlackElo "2501"]
[TimeControl "180+1"]
[EndTime "10:56:17 PDT"]
[Termination "Butterfly won by resignation"]

1. e4 c6 2. Nc3 d5 3. Nf3 dxe4 4. Nxe4 Nf6 5. Qe2 Nxe4 6. Qxe4 Qd5 7. Qf4 Qf5 8. Qe3 g6 9. Qc3 Qf6 10. Qxf6 exf6 11.
Bc4 Bg7 12. O-O O-O 13. h3 Be6 14. Bxe6 fxe6 15. Re1 e5 16. d3 Nd7 17. Be3 Rfe8 18.
Rad1 c5 19. Nd2 b6 20. f3 Nb8 21. a4 Nc6 22. c3 Rad8 23. Nc4 Rd7 24. Kf2 Red8 25.
Ke2 Kf7 26. g4 Ne7 27. h4 Nd5 28. Bc1 a6 29. Rh1 b5 30. axb5 axb5 31. Ne3 Nf4+ 32. Kf2 Nxd3+ 33. Kg3 Nxc1 34. Rxc1 Rd2 35. Ra1 R8d7 36.
b4 cxb4 37. cxb4 Bh6 38. g5 fxg5 39. Ng4 gxh4+ 40. Kxh4 Bf4 41. Rae1 Ke6 42. Ra1 h5 43. Ra6+ R7d6 44. Rxd6+ Rxd6 45. Nf2 Rd4 46. Ne4 Rxb4 47. Rg1 Kf7 48. Nd6+ Kg7 49. Ra1 Rb2 50. Ra7+ Kf8 51. Ra8+ Ke7 52. Nc8+ Kd7 53. Nb6+ Kc6 0-1

[Event "*** SCC Grand Prix: Titled Tuesday Blitz"]
[Site "Chess.com"]
[Date "2020.09.08"]
[Round "5"]
[White "zmeeed67"]
[Black "narutosmith"]
[Result "1-0"]
[WhiteElo "2429"]
[BlackElo "2251"]
[TimeControl "180+1"]
[EndTime "10:56:18 PDT"]
[Termination "zmeeed67 won on time"]

1. e4 c5 2. g3 g6 3. Bg2 Bg7 4. Ne2 Nc6 5. O-O e5 6. Nbc3 Nge7 7. a3 O-O 8. Rb1 a5 9. Nb5 d6 10. c4 f5 11. d3 h6 12. f4 Be6 13. Nec3 Qd7 14.
Nd5 Bxd5 15. cxd5 Nd4 16. Nxd4 exd4 17. b4 cxb4 18. axb4 a4 19. b5 Nc8 20. Ba3 Nb6 21.
Re1 Rfe8 22. Re2 Bf8 23. Qe1 Qf7 24. Qf2 Qf6 25. Rbe1 Ra5 26. e5 dxe5 27. fxe5 Qd8 28. Bxf8 Rxf8 29. d6 Rxb5 30. Qxd4 Rb3 31. Bd5+ Nxd5 32.
Qxd5+ Kh7 33. e6 Re8 34. d7 Re7 35. Qd6 Qb6+ 36. Qxb6 Rxb6 37. d8=Q 1-0

[Event "*** SCC Grand Prix: Titled Tuesday Blitz"]
[Site "Chess.com"]
[Date "2020.09.08"]
[Round "5"]
[White "ENajer77"]
[Black "VerdeNotte"]
[Result "0-1"]
[WhiteElo "2605"]
[BlackElo "2850"]
[TimeControl "180+1"]
[EndTime "10:56:19 PDT"]
[Termination "VerdeNotte won on time"]

1. d4 Nf6 2. Nc3 d5 3. Bf4 g6 4. Qd2 Bg7 5. h4 h5 6. e3 O-O 7.
Nf3 c5 8. dxc5 Nbd7 9. Bd3 Nxc5 10. O-O-O Bg4 11. Kb1 a6 12. Be5 b5 13. a3 Rc8 14.
Qe2 Nxd3 15. cxd3 b4 16. axb4 Qb6 17. Bxf6 Qxf6 18. Nxd5 Qd6 19. e4 Bd4 20. Rc1 e6 21. Ne3 Bxf3 22. gxf3 Qxb4 23. Rxc8 Rxc8 24. Nc4 a5 25.
Qc2 a4 26. Ka2 e5 27. Rg1 Rc5 28. Rg5 Kg7 29. f4 exf4 30. e5 Rb5 31. e6 fxe6 32. Rxb5 Qxb5 33. Qe2 Qb3+ 34. Kb1 e5 35. Qf3 a3 0-1

[Event "*** SCC Grand Prix: Titled Tuesday Blitz"]
[Site "Chess.com"]
[Date "2020.09.08"]
[Round "5"]
[White "Colombiano07"]
[Black "dragos420"]
[Result "0-1"]
[WhiteElo "2323"]
[BlackElo "2500"]
[TimeControl "180+1"]
[EndTime "10:56:19 PDT"]
[Termination "dragos420 won on time"]

1. d4 Nf6 2. Bf4 e6 3. e3 b6 4. Be2 Bb7 5. Bf3 Bxf3 6. Nxf3 d5 7. O-O Bd6 8. Bg5 O-O 9. c4 c6 10. b3 h6 11. Bh4 Nbd7 12. Nc3 Rc8 13. e4 dxe4 14.
Nxe4 Be7 15. Nxf6+ Bxf6 16. Bg3 c5 17. Rc1 cxd4 18.
Nxd4 Nc5 19. Nb5 a6 20. Nd6 Rc6 21. Re1 Qd7 22. Ne4 Bd4 23. Nxc5 bxc5 24. Be5 Rd8 25. Qg4 Bxe5 26. Rxe5 Qd2 27. Ra1 Rd4 28. Qe2 Qc3 29.
Rf1 Rd2 30. Qe4 Rxa2 31. Qxc6 Qxe5 32. Qe8+ Kh7 33. Qxf7 Rb2 34. Qf3 Qd4 35. Re1 a5 36. h3 Rd2 37. Rxe6 Rd3 0-1

[Event "*** SCC Grand Prix: Titled Tuesday Blitz"]
[Site "Chess.com"]
[Date "2020.09.08"]
[Round "5"]
[White "ARMQUEEN"]
[Black "Bhagya_2312"]
[Result "1-0"]
[WhiteElo "2459"]
[BlackElo "2095"]
[TimeControl "180+1"]
[EndTime "10:56:19 PDT"]
[Termination "ARMQUEEN won on time"]

1. e4 c6 2. d4 d5 3. e5 Bf5 4. h4 h5 5. c4 e6 6. Nc3 Nd7 7. Nge2 dxc4 8. Ng3 Bd3 9. Bxd3 cxd3 10. Qxd3 Nxe5 11. Qe4 Ng6 12. Bg5 Be7 13. Bxe7 Qxe7 14. O-O-O O-O-O 15. Kb1 Nf6 16. Qc2 Nd5 17. Nge4 Nxh4 18.
Na4 Nf5 19. Nac5 Nb6 20. Qc3 Rd5 21. Nb3 h4 22. Rd2 Rhd8 23. Rc1 Nd6 24. Nec5 Kb8 25. Qb4 Ndc8 26. Na5 Rxc5 27. Rxc5 Nd6 28. Rxc6 1-0

[Event "*** SCC Grand Prix: Titled Tuesday Blitz"]
[Site "Chess.com"]
[Date "2020.09.08"]
[Round "5"]
[White "Korchmar_Vasiliy"]
[Black "vladislavkovalev"]
[Result "1-0"]
[WhiteElo "2620"]
[BlackElo "2832"]
[TimeControl "180+1"]
[EndTime "10:56:20 PDT"]
[Termination "Korchmar_Vasiliy won by resignation"]

1. d4 Nf6 2. Nf3 g6 3. Bg5 Bg7 4. Nbd2 O-O 5. e3 d6 6. Bd3 b6 7.
O-O Bb7 8. c3 Nbd7 9. a4 a6 10.
Re1 c5 11. e4 cxd4 12. cxd4 e5 13. Nc4 h6 14. Bh4 Qe7 15. d5 Rfc8 16. b4 Rc7 17.
Nfd2 Rac8 18. f3 Qf8 19. Bf2 Nh5 20. Nxb6 Nxb6 21. Bxb6 Nf4 22. Bf1 Rc2 23. Be3 f5 24. b5 axb5 25. axb5 fxe4 26. Nxe4 Nxd5 27. Bf2 Rb2 28.
Ra7 Qf7 29. Nxd6 Qf4 30. Rxb7 Rcc2 31. Qxd5+ Kh7 32. Ra1 Rxf2 33. Rxg7+ Kxg7 34. Ra7+ Kf6 35. Rf7+ Kg5 36. Rxf4 Rxf1+ 37. Kxf1 1-0

[Event "*** SCC Grand Prix: Titled Tuesday Blitz"]
[Site "Chess.com"]
[Date "2020.09.08"]
[Round "5"]
[White "DarZay"]
[Black "Jojo_1608"]
[Result "0-1"]
[WhiteElo "2037"]
[BlackElo "2193"]
[TimeControl "180+1"]
[EndTime "10:56:20 PDT"]
[Termination "Jojo_1608 won by resignation"]

1. e4 c5 2. Nf3 d6 3. d4 cxd4 4.
Nxd4 Nf6 5. Nc3 a6 6. Be3 e5 7. Nb3 Be6 8. Qd2 Nbd7 9. f3 h5 10. O-O-O Qc7 11. Nd5 Bxd5 12. exd5 Rc8 13. Kb1 b5 14. g3 Nb6 15. Bh3 Rb8 16. Qa5 Qb7 17.
Bxb6 Qxb6 18. Qxb6 Rxb6 19. Rhe1 Be7 20. c3 h4 21. g4 g5 22. Rd3 O-O 23. Nd2 Rc8 24.
Nf1 Rc5 25. Ne3 Bd8 26. b4 Rc8 27. Nf5 Ne8 28. Kb2 Bf6 29. Kb3 Rb7 30. a4 Rbc7 31. a5 Kf8 32. Ree3 Bh8 33. Bf1 Rc4 34. Rd2 Rf4 35. h3 e4 36. fxe4 Rxf1 37. e5 Bxe5 0-1

[Event "*** SCC Grand Prix: Titled Tuesday Blitz"]
[Site "Chess.com"]
[Date "2020.09.08"]
[Round "5"]
[White "Alexander_Moskalenko"]
[Black "AldokhinIvan"]
[Result "1-0"]
[WhiteElo "2797"]
[BlackElo "2568"]
[TimeControl "180+1"]
[EndTime "10:56:22 PDT"]
[Termination "Alexander_Moskalenko won by resignation"]

1. c4 Nf6 2. Nc3 g6 3. g3 Bg7 4.
Bg2 O-O 5. d4 d6 6. Nf3 Nc6 7. O-O Bf5 8. d5 Na5 9. Nd2 c5 10. e4 Bd7 11. Qc2 e6 12. a4 exd5 13. cxd5 Re8 14. Re1 a6 15. b3 b5 16. Bb2 Rc8 17.
axb5 axb5 18. h3 h5 19. Ne2 h4 20. g4 c4 21. b4 c3 22. Bxc3 Nxg4 23. hxg4 Bxg4 24. f3 Qb6+ 25. Kh2 Be5+ 26. f4 Rxc3 27. Nxc3 Bxf4+ 28. Kh1 h3 29. Bxh3 Qf2 30. Bg2 Qh4+ 31. Kg1 Bh2+ 32. Kf1 Qf6+ 33. Nf3 Bxf3 34. bxa5 Bxe4+ 35. Qf2 Bxg2+ 36. Kxg2 Qg5+ 37. Kxh2 Qh5+ 38. Kg1 Rc8 39. Ne4 Qg4+ 40. Qg3 Qxg3+ 1-0

[Event "*** SCC Grand Prix: Titled Tuesday Blitz"]
[Site "Chess.com"]
[Date "2020.09.08"]
[Round "5"]
[White "MariaFominykh"]
[Black "IroniaSudby"]
[Result "0-1"]
[WhiteElo "2342"]
[BlackElo "2506"]
[TimeControl "180+1"]
[EndTime "10:56:23 PDT"]
[Termination "IroniaSudby won on time"]

1. Nf3 Nf6 2. g3 b6 3. Bg2 Bb7 4. O-O c5 5. d3 g6 6. e4 Bg7 7. e5 Nd5 8. Re1 O-O 9. a4 a6 10. Nc3 Nb4 11. Bf4 N8c6 12. Ne4 Nd5 13. Bd2 Qc7 14.
c4 Ndb4 15. Bc3 Rad8 16. a5 Nxa5 17. d4 d5 18. exd6 exd6 19. d5 Nxc4 20. Nf6+ Bxf6 21. Bxf6 Nxd5 22. Bxd8 Rxd8 23. Ng5 Nf6 24. Bxb7 Qxb7 25. Qe2 Ne5 26. f4 Neg4 27. Qxa6 Qd5 28. Qe2 Qd4+ 29.
Kg2 Re8 30. Qf3 Qxb2+ 0-1

[Event "*** SCC Grand Prix: Titled Tuesday Blitz"]
[Site "Chess.com"]
[Date "2020.09.08"]
[Round "5"]
[White "saraswathii"]
[Black "boasovietica"]
[Result "1-0"]
[WhiteElo "2336"]
[BlackElo "2481"]
[TimeControl "180+1"]
[EndTime "10:56:24 PDT"]
[Termination "saraswathii won by resignation"]

1. e4 e5 2. d3 Nf6 3. Nf3 Nc6 4. g3 Bc5 5. Bg2 d6 6. O-O Be6 7. c3 Bb6 8. Qe2 Qd7 9. Nbd2 Bh3 10. Nc4 Bxg2 11.
Kxg2 O-O 12. Ne3 Qe7 13. Nf5 Qe6 14. Ng5 Qe8 15. f4 h6 16. Nf3 Nd7 17. N3h4 Kh7 18. Qg4 g6 19. Ne3 Nf6 20. Qh3 Qd7 21. f5 g5 22. Nf3 Rg8 23. Nxg5+ Rxg5 24. Nd5 Nxd5 25. Bxg5 Ne3+ 26. Kh1 Rh8 27. Rf3 Nc2 28. Rc1 Kg8 29. Bf6 Be3 30. Qg4+ Bg5 31. Bxh8 Kxh8 32. Rxc2 Bf6 33. Qh5 Bg7 34. g4 f6 35. h4 Ne7 36.
g5 fxg5 37. hxg5 Ng8 38. f6 Bf8 39. g6 Nxf6 1-0

[Event "*** SCC Grand Prix: Titled Tuesday Blitz"]
[Site "Chess.com"]
[Date "2020.09.08"]
[Round "5"]
[White "Zmof"]
[Black "bazar-wokzal"]
[Result "0-1"]
[WhiteElo "2237"]
[BlackElo "2475"]
[TimeControl "180+1"]
[EndTime "10:56:24 PDT"]
[Termination "bazar-wokzal won by checkmate"]

1. e4 Nc6 2. Nf3 d5 3. exd5 Qxd5 4. Nc3 Qa5 5. d4 Bg4 6. Be2 O-O-O 7. Be3 Nf6 8. h3 Bxf3 9. Bxf3 Nxd4 10. Bxd4 Qb4 11. O-O Rxd4 12. Qe2 e6 13. a3 Qc4 14. Qe3 Qc5 15. Nb5 Ra4 16. Qb3 Ra6 17. Rad1 Rb6 18.
Qd3 Be7 19. a4 Rd8 20. Qe2 a6 21. Rxd8+ Bxd8 22. Nc3 Rxb2 23. Ne4 Qxc2 24. Qe3 Rb1 25. Qa7 Rxf1+ 26. Kxf1 Qb1+ 27. Ke2 Nd5 28. Qa8+ Kd7 29.
Nc5+ Kc6 30. Bxd5+ exd5 31. Nd3 Qc2+ 32. Ke3 Bg5+ 33. f4 d4+ 34. Ke4 Qe2+ 35. Kxd4 Bf6+ 36. Kc4 Qc2+ 37. Kb4 Qc3# 0-1

[Event "*** SCC Grand Prix: Titled Tuesday Blitz"]
[Site "Chess.com"]
[Date "2020.09.08"]
[Round "5"]
[White "LuisFSiles"]
[Black "Quiet_Desperation"]
[Result "1-0"]
[WhiteElo "2349"]
[BlackElo "2005"]
[TimeControl "180+1"]
[EndTime "10:56:25 PDT"]
[Termination "LuisFSiles won by resignation"]

1. e4 e6 2. d4 d5 3. Nd2 Nf6 4. Bd3 c5 5. c3 Nc6 6. Ngf3 cxd4 7.
cxd4 Nb4 8. Bb5+ Bd7 9. Bxd7+ Qxd7 10. e5 Qb5 11. Qe2 Nc2+ 12. Kd1 Qxe2+ 13. Kxe2 Nxa1 14.
exf6 Rc8 15. fxg7 Bxg7 16. Nb3 Nxb3 17. axb3 O-O 18. Kd3 Rc6 19. Bd2 Rfc8 20. Bc3 f6 21. Re1 Bf8 22. g4 h6 23. h4 b5 24. b4 a5 25. bxa5 b4 26. Bd2 Rc2 27. Rxe6 Rxb2 28. Rxf6 Rb3+ 29. Ke2 Re8+ 30. Ne5 Bg7 31. Rg6 Kh7 32.
h5 Bxe5 33. Rxh6+ Kg7 34. Rg6+ Kf7 35. dxe5 Rxe5+ 36. Kf1 Rb1+ 37. Kg2 b3 38. a6 d4 39. a7 Ra1 40. Rb6 Rxa7 41. Rxb3 Rd7 42. Rd3 Ke6 43. f4 Re4 44. Kf3 Kd5 45. Ra3 Re8 46. h6 Kc4 47. g5 d3 48. g6 Re2 49. h7 Rd8 50. g7 Rxd2 51. g8=Q+ 1-0

[Event "*** SCC Grand Prix: Titled Tuesday Blitz"]
[Site "Chess.com"]
[Date "2020.09.08"]
[Round "5"]
[White "tk22h"]
[Black "artichaud"]
[Result "1-0"]
[WhiteElo "2375"]
[BlackElo "2226"]
[TimeControl "180+1"]
[EndTime "10:56:25 PDT"]
[Termination "tk22h won on time"]

1. c4 f6 2. Nc3 e5 3. Nf3 Nc6 4. d4 Bb4 5. dxe5 Nxe5 6. Bd2 Nxf3+ 7. exf3 Ne7 8. Bd3 O-O 9. O-O d6 10. a3 Bxc3 11. Bxc3 Kh8 12. Re1 Bf5 13. Bxf5 Nxf5 14. Qd5 Qc8 15. Re6 Nh6 16. Rae1 Ng8 17. h4 Rb8 18. h5 Qd7 19. Qf5 Rbd8 20. Qe4 c6 21.
Rd1 d5 22. cxd5 cxd5 23. Qe2 Rfe8 24. Rxe8 Rxe8 25. Rxd5 Qxd5 26. Qxe8 h6 27. Qe4 Qb3 28. g4 a6 29. Kg2 Qb5 30. Qe6 Qd3 31. Kg3 Qb5 32. f4 Qf1 33. Qe4 Qb5 34. f3 Qd7 35. Qd4 Qc6 36. g5 Qb5 37. Kg4 hxg5 38. a4 1-0

[Event "*** SCC Grand Prix: Titled Tuesday Blitz"]
[Site "Chess.com"]
[Date "2020.09.08"]
[Round "5"]
[White "CakeinSpace2002"]
[Black "RestartingChess"]
[Result "0-1"]
[WhiteElo "2251"]
[BlackElo "2426"]
[TimeControl "180+1"]
[EndTime "10:56:25 PDT"]
[Termination "RestartingChess won by checkmate"]

1. e4 Nf6 2. e5 Nd5 3. Nf3 g6 4. d4 Bg7 5. c4 Nb6 6. Be2 d6 7. exd6 exd6 8. O-O O-O 9. Nc3 Re8 10. h3 Bf5 11. a4 a5 12. Be3 Nc6 13. Rc1 d5 14.
cxd5 Nxd5 15. Nxd5 Qxd5 16. Bc4 Qd7 17. Ng5 Re7 18.
Qb3 Rb8 19. Bxf7+ Rxf7 20. Qxf7+ Qxf7 21. Nxf7 Kxf7 22. d5 Nb4 23. Rxc7+ Kg8 24. d6 Be5 25. Bc5 Na6 26. Re7 Bf6 27. Ba7 Ra8 28. Rxb7 Bc8 29. Rb6 Bd4 30. Rxa6 Bxa6 31. Bxd4 Bxf1 32. Kxf1 Rd8 33.
Bc5 Kf7 34. Ke2 Ke6 35. Kd3 Kd5 36. Ba3 Kc6 37. f4 Rf8 38. Ke4 Re8+ 39. Kf3 Re1 40.
g4 Kd7 41. f5 gxf5 42. gxf5 h6 43. Kg4 Rf1 44. Kh5 Rxf5+ 45. Kxh6 Rf4 46. Kg5 Rxa4 47. h4 Re4 48. h5 Re1 49. Kg6 Ke6 50. h6 Rg1+ 51. Kh7 Kf7 52. Kh8 a4 53. h7 Rc1 54.
Bb4 Rc8# 0-1

[Event "*** SCC Grand Prix: Titled Tuesday Blitz"]
[Site "Chess.com"]
[Date "2020.09.08"]
[Round "5"]
[White "chito89"]
[Black "jhonnyuribe"]
[Result "0-1"]
[WhiteElo "2718"]
[BlackElo "2521"]
[TimeControl "180+1"]
[EndTime "10:56:26 PDT"]
[Termination "jhonnyuribe won on time"]

1. d4 d5 2. c4 c6 3. Nf3 Nf6 4. g3 e6 5. Bg2 Bd6 6. O-O Nbd7 7.
Nbd2 O-O 8. Qc2 e5 9. cxd5 cxd5 10. dxe5 Nxe5 11. Nxe5 Bxe5 12. Nf3 Bc7 13. Bg5 Bb6 14.
Rad1 Be6 15. Nd4 Rc8 16. Qb3 h6 17. Be3 Re8 18. h3 Qd6 19. Nb5 Qd7 20. Bxb6 axb6 21. Nd4 Bxh3 22. Qxb6 Bxg2 23. Kxg2 Qa4 24. a3 Qd7 25.
Rc1 Rc4 26. b3 Rxc1 27. Rxc1 Qg4 28. e3 h5 29. Qxb7 h4 30. Qc7 Nh5 31. Qc6 Qe4+ 32. Kg1 h3 33. f3 Qxe3+ 34. Kh2 Qf2+ 0-1

[Event "*** SCC Grand Prix: Titled Tuesday Blitz"]
[Site "Chess.com"]
[Date "2020.09.08"]
[Round "5"]
[White "louis198"]
[Black "evgenyermolaev"]
[Result "1-0"]
[WhiteElo "2509"]
[BlackElo "2438"]
[TimeControl "180+1"]
[EndTime "10:56:26 PDT"]
[Termination "louis198 won on time"]

1. d4 c5 2. c3 Nf6 3. Nf3 e6 4. Bg5 b6 5. e3 Be7 6. a4 O-O 7. Bd3 Ba6 8. O-O Bxd3 9. Qxd3 d6 10. a5 Nbd7 11. Nbd2 h6 12. Bh4 Nh5 13. Bxe7 Qxe7 14. Qa6 e5 15. dxe5 dxe5 16. Nc4 e4 17. Nfd2 Qe6 18.
Rfd1 Nhf6 19. h3 Nd5 20. Nf1 Qc6 21. Na3 Nc7 22. Qe2 b5 23. Ng3 Ne5 24. Nf5 Qe6 25. Nd6 Nd3 26. Nxe4 Nxb2 27. Nxc5 Qc6 28. Qxb2 Qxc5 29.
Qb4 Qc6 30. Rd6 Qb7 31. Rad1 a6 32. Rb6 Qc8 33. c4 Rd8 34. Rxd8+ Qxd8 35. Rd6 Qe7 36.
c5 Ne6 37. Nc2 Qc7 38. c6 Rc8 39. Nd4 Nxd4 40. exd4 Re8 41. d5 f5 42. Rd7 Qe5 43. c7 Qf6 44. Rd6 Qe6 45. Rxe6 1-0

[Event "*** SCC Grand Prix: Titled Tuesday Blitz"]
[Site "Chess.com"]
[Date "2020.09.08"]
[Round "5"]
[White "creativity"]
[Black "Ave_Mariia"]
[Result "0-1"]
[WhiteElo "2087"]
[BlackElo "2453"]
[TimeControl "180+1"]
[EndTime "10:56:26 PDT"]
[Termination "Ave_Mariia won by resignation"]

1. d4 Nf6 2. c4 e6 3. Nc3 Bb4 4. Qc2 O-O 5. a3 Bxc3+ 6. Qxc3 Ne4 7. Qc2 d5 8. Nf3 Nd7 9. cxd5 exd5 10. Bf4 c6 11. e3 Re8 12. Bd3 Nf8 13. h3 Bf5 14.
O-O Ng6 15. Bh2 Qf6 16. Ne5 Nxe5 17. dxe5 Qg6 18. f3 Ng3 19. Rfd1 h5 20. Bxg3 Bxd3 21. Rxd3 Qxg3 22. f4 Qg6 23. Rc1 f6 24. exf6 Qxf6 25.
Qc3 Qxc3 26. Rdxc3 Kf7 27. b4 a6 28. Kf2 Re4 29. g4 hxg4 30. hxg4 Rh8 31. Kg3 Rhe8 32. Kf3 g5 33. f5 Rh8 34. Rg1 Kf6 35. Rc5 Rh3+ 36.
Rg3 Rxg3+ 37. Kxg3 Rxe3+ 38. Kf2 Rxa3 0-1

[Event "*** SCC Grand Prix: Titled Tuesday Blitz"]
[Site "Chess.com"]
[Date "2020.09.08"]
[Round "5"]
[White "CalinGheorghiu"]
[Black "mr65"]
[Result "1-0"]
[WhiteElo "2346"]
[BlackElo "2153"]
[TimeControl "180+1"]
[EndTime "10:56:26 PDT"]
[Termination "CalinGheorghiu won on time"]

1. e4 e5 2. Nf3 Nc6 3. Bb5 a6 4.
Ba4 Nf6 5. d3 b5 6. Bb3 Be7 7.
O-O d6 8. c3 O-O 9. Nbd2 Na5 10. Bc2 c5 11. Re1 Nc6 12. Nf1 Re8 13. Ne3 h6 14. a4 Bb7 15. Bb3 Bf8 16. Ba2 Ne7 17. axb5 axb5 18. Qb3 c4 19. Qxb5 Ba6 20. Qa4 cxd3 21.
Qb3 d5 22. Nxd5 Nexd5 23. exd5 e4 24. Nd4 Rc8 25. Qa4 Qd6 26. Nf5 Qe5 27. Nxh6+ gxh6 28. Qxa6 Rcd8 29. Be3 Rd6 30. Qa4 Ng4 31. g3 Nxe3 32. Rxe3 f5 33. Rae1 h5 34. c4 Rh6 35. c5 Bxc5 36.
d6+ Kh8 37. d7 Rd8 38. Rxd3 h4 39. Rd5 1-0